AoeStats
← 鄙人張麻子

African Clearing

505613992Analyzed
4v4 RM · 23d ago on Sep 10, 2026· 32m 50s· 8 players
Game mode
Random Map
Map size
Large (8 player)
Population
200
Speed
Normal
Resources
Standard
Victory
Conquest
Starting age
Dark Age
Ending age
Imperial Age
RankedLock teamsTeams togetherTeam positionsShared explorationLock speedFull tech treeHidden civsTurbo modeCheats
Victory
Defeat
🇹🇼 Mongols · Taiwan
1236
+12
🇨🇳 Berbers · China
1222
+12
🇹🇼 Spanish · Taiwan
1202
+13
🇨🇳 Vietnamese · China
1083
+36
🇲🇽 Maya · Mexico
1183
-16
🇨🇳 Teutons · China
1156
-15
🇫🇷 Malians · France
1139
-14
🇲🇽 Chinese · Mexico
1071
-11
Gonnar
4:13 Loom
12:58 Feudal Age
14:36 Wheelbarrow
18:56 Castle Age
17:40 Scale Mail Armor
22:13 Double-Bit Axe
22:44 Squires
23:52 Forging
25:42 Elite Skirmisher
27:59 Fletching
30:31 Padded Archer Armor
30:28 Bodkin Arrow
会走位
4:05 Loom
13:41 Feudal Age
14:15 Double-Bit Axe
17:25 Scale Barding Armor
21:53 Bloodlines
master
3:57 Loom
13:29 Feudal Age
14:15 Town Watch
15:41 Wheelbarrow
16:30 Double-Bit Axe
21:00 Castle Age
19:45 Double-Bit Axe
20:02 Fletching
20:13 Padded Archer Armor
20:31 Gold Mining
23:30 Bodkin Arrow
26:29 Leather Archer Armor
Rpt
7:19 Loom
15:49 Feudal Age
17:19 Double-Bit Axe
17:26 Stone Mining
20:34 Castle Age
24:14 Forging
24:05 Scale Mail Armor
26:22 Chain Mail Armor
27:35 Iron Casting
percy5655
5:33 Loom
6:56 Loom
15:02 Feudal Age
15:40 Double-Bit Axe
19:40 Wheelbarrow
20:34 Bloodlines
24:31 Castle Age
22:38 Horse Collar
22:51 Stone Mining
23:16 Gold Mining
25:42 Hand Cart
25:40 Bow Saw
25:56 Heavy Plow
26:01 Fletching
28:17 Stone Shaft Mining
31:02 Town Watch
32:10 Padded Archer Armor
WOLF
3:46 Loom
14:42 Feudal Age
18:59 Castle Age
17:01 Double-Bit Axe
18:59 Horse Collar
21:21 Bow Saw
25:58 Fletching
27:54 Bodkin Arrow
29:03 Padded Archer Armor
30:38 Ballistics
30:19 Husbandry
30:18 Gold Mining
33:23 Bloodlines
33:54 Wheelbarrow
33:12 Stone Mining
苍真
5:01 Loom
14:38 Feudal Age
20:04 Castle Age
19:42 Bloodlines
20:07 Double-Bit Axe
21:06 Scale Barding Armor
22:17 Chain Barding Armor
27:20 Forging
28:42 Wheelbarrow
29:29 Husbandry
鄙人張麻子
6:11 Loom
14:06 Feudal Age
18:21 Castle Age
16:17 Horse Collar
16:30 Horse Collar
17:08 Double-Bit Axe
20:03 Heavy Plow
25:10 Husbandry
27:39 Bow Saw
28:05 Town Watch
31:06 Forging
33:23 Heavy Plow
Connection lost

Rejoining the realm…

Still unreachable

The connection could not be restored.

Session expired

The server has moved on; the page needs a fresh start.